 Dungeon Crawl Stone Soup version 0.29.1-13-g9f3cf754e1 (webtiles) character file.

Game seed: 6851039234054231216

2085 DildoBatman the Magician (level 9, 0/66 HPs)
             Began as a Formicid Conjurer on Jan 22, 2023.
             Was a Follower of Kikubaaqudgha.
             Succumbed to a killer bee's poison
             ... on level 7 of the Dungeon.
             The game lasted 00:23:37 (6836 turns).

DildoBatman the Magician (Formicid Conjurer)        Turns: 6836, Time: 00:23:39

Health: 0/66       AC:  2    Str: 11    XL:     9   Next: 51%
Magic:  16/28      EV: 12    Int: 23    God:    Kikubaaqudgha [*.....]
Gold:   435        SH:  0    Dex: 12    Spells: 5/22 levels left

rFire   + . .      SeeInvis +   a - +4 shortbow (freeze)
rCold   . . .      Faith    .   (no shield)
rNeg    . . .      Spirit   .   e - +0 robe
rPois   .          Reflect  .   (helmet unavailable)
rElec   .          Harm     .   (no cloak)
rCorr   .          Rampage  .   (no gloves)
Will    .....                   (no boots)
Stlth   ++........              (no amulet)
HPRegen 0.21/turn               j - ring of magical power
MPRegen 0.21/turn               C - ring of protection from fire

@: lethally poisoned (0 -> -6)
A: permanent stasis, dig shafts and tunnels, antennae 3, four strong arms
a: Dig, Shaft Self, Renounce Religion, Unearth Wretches


You were on level 7 of the Dungeon.
You worshipped Kikubaaqudgha.
Kikubaaqudgha was aware of your devotion.
You visited 2 branches of the dungeon, and saw 8 of its levels.

You collected 435 gold pieces.

Inventory:

Hand Weapons
 a - a +4 shortbow of freezing (weapon)
 b - a +2 flail of protection
Missiles
 h - 5 javelins
 D - 3 poisoned darts
Armour
 e - a +0 robe (worn)
 F - a +3 scale mail
Magical Staves
 r - a staff of fire
Jewellery
 j - a ring of magical power (left hand)
 C - a ring of protection from fire (right hand)
Wands
 f - a wand of light (5)
 w - a wand of iceblast (8)
 E - a wand of paralysis (15)
Scrolls
 c - 2 scrolls of blinking {unknown}
 d - 3 scrolls of silence
 g - 3 scrolls of enchant weapon
 i - 2 scrolls of fear {unknown}
 k - 3 scrolls of brand weapon {unknown}
 o - a scroll of torment {unknown}
 q - a scroll of butterflies {unknown}
 x - a scroll of poison {unknown}
 y - a scroll of enchant armour {unknown}
 z - 3 scrolls of identify
 G - a scroll of amnesia {unknown}
 H - a scroll of acquirement {unknown}
Potions
 l - a potion of ambrosia {unknown}
 m - a potion of mutation {unknown}
 n - 5 potions of flight
 p - a potion of lignification {unknown}
 s - 2 potions of heal wounds {unknown}
 t - a potion of invisibility {unknown}
 u - 5 potions of curing
 v - a potion of degeneration {unknown}
 A - a potion of resistance {unknown}
 B - a potion of magic
 I - a potion of haste {unknown}


   Skills:
 * Level 4.7 Fighting
 - Level 2.0 Ranged Weapons
 * Level 4.8 Armour
 - Level 3.0 Dodging
 - Level 2.4 Stealth
 - Level 7.0 Spellcasting
 - Level 6.0 Conjurations
 - Level 1.1 Ice Magic
 * Level 4.1 Earth Magic


You had 5 spell levels left.
You knew the following spells:

 Your Spells              Type           Power      Damage    Failure   Level
a - Searing Ray           Conj           70%        2d7       1%          2
b - Stone Arrow           Conj/Erth      62%        3d10      2%          3
c - Magic Dart            Conj           100%       1d8       1%          1
d - Vampiric Draining     Necr           8%         2d6       22%         3
e - Frozen Ramparts       Ice            26%        1d4       14%         3
f - Conjure Flame         Conj/Fire      21%        6-21      7%          3
z - Sublimation of Blood  Necr           8%         N/A       12%         2

Your spell library contained the following spells:

 Spells                   Type           Power      Damage    Failure   Level
 Dazzling Flash           Conj/Hex       42%        N/A       7%          3
 Necrotise                Necr           32%        1d5       8%          1
 Scorch                   Fire           16%        2d6       12%         2
 Flame Wave               Conj/Fire      21%        2d8       22%         4
 Fulminant Prism          Conj/Hex       10%        3d9       22%         4
 Iskenderun's Mystic Bla  Conj/Tloc      21%        2d6       22%         4
 Animate Armour           Summ/Erth      34%        N/A       32%         4
 Petrify                  Tmut/Erth      17%        N/A       32%         4
 Ice Form                 Ice/Tmut       10%        N/A       52%         4
 Summon Ice Beast         Ice/Summ       10%        N/A       52%         4
 Irradiate                Conj/Tmut      10%        3d15      52%         5
 Anguish                  Hex/Necr       4%         N/A       58%         4
 Animate Dead             Necr           8%         N/A       58%         4
 Agony                    Necr           8%         N/A       91%         5
 Summon Cactus Giant      Summ           4%         N/A       100%        6
 Malign Gateway           Summ/Tloc      4%         N/A       100%        7
 Lehudib's Crystal Spear  Conj/Erth      15%        10d5      100%        8


Dungeon Overview and Level Annotations

Branches:
Dungeon (7/15)             Temple (1/1) D:6

Altars:
Ashenzari
Cheibriados
Dithmenos
Elyvilon
Fedhas
Gozag
Hepliaklqana
Kikubaaqudgha
Makhleb
Nemelex Xobeh
Okawaru
Qazlal
Ru
Uskayaw
Vehumet
Wu Jian
Xom
Yredelemnul
Zin
The Shining One

Shops:
D:2 [

Annotations:
D:6 exclusion: phantom


Innate Abilities, Weirdness & Mutations

You cannot be hasted, slowed, berserked, paralysed or teleported.
You can dig through walls and to a lower floor.
You have a pair of large antennae on your head. (SInv)
Your four strong arms can wield two-handed weapons with a shield.


Message History

The killer bee closely misses you.
The searing ray hits the killer bee.
You kill the killer bee!
Kikubaaqudgha accepts your kill.
You finish channelling your searing ray.
You feel very sick.
You feel sick.
You see here a killer bee corpse.
You feel sick.
You feel sick.
You see here a killer bee corpse.
You feel sick.
You feel sick.
You feel sick.
You feel sick.
You are no longer poisoned.
Casting: Searing Ray (safe; 1% risk of failure)
Confirm with . or Enter, or press ? or * to list all spells.
Aiming: Stone Arrow (dangerous; 3% risk of failure)
Press: ? - help, Shift-Dir - straight line, f - killer bee
Aim: a killer bee (wandering, hasn't noticed you, 48% to hit)
The stone arrow hits the killer bee!
The killer bee is heavily wounded.
The killer bee closely misses you.
You feel better. The killer bee barely misses you. The killer bee stings you!
You are lethally poisoned!
The killer bee poisons you!
Casting: Stone Arrow (dangerous; 3% risk of failure)
Confirm with . or Enter, or press ? or * to list all spells.
Aiming: Stone Arrow (dangerous; 3% risk of failure)
Press: ? - help, Shift-Dir - straight line, f/p - killer bee
Aim: a killer bee (heavily wounded, 48% to hit)
The stone arrow hits the killer bee!!
You kill the killer bee!
Kikubaaqudgha accepts your kill.
You feel sick.
You die...
Kikubaaqudgha rasps: "You have failed me!
Welcome... death!"

#.# #.#####.#.#
#.# #....##y#.#
#.######.##.#.#
###.#....#†##.#.#
#........#y##.#.#
#.....####....#.#
#.....# ####.#.#
###.....####
#.#.#
#..........#
#@#.#
#..........#
#.#.#
#..........#
#<#.#
#######.####
##.#.### #.#
#..)...# #.#
#..#.#.#
########.#
#....#.#
.......#.#
#....#.#
######...#
#......#


You could see a killer bee (wandering).

Vanquished Creatures
  Prince Ribbit (D:7)
  Sigmund (D:2)
  Edmund (D:5)
  An orc warrior (D:5)
  3 black bears
  2 sky beasts (D:7)
  A centaur (D:7)
  2 phantoms (D:6)
  A bullfrog (D:7)
  A necrophage (D:7)
  A scorpion (D:5)
  3 killer bees (D:7)
  A jelly (D:6)
  3 hounds
  Jessica (D:3)
  6 iguanas
  An orc wizard (D:4)
  6 adders
  A shadow imp (D:7)
  An ufetubus (D:7)
  5 dart slugs
  20 orcs
  6 bats
  7 endoplasms
  A giant cockroach (D:2)
  10 goblins
  8 hobgoblins
  13 jackals
  5 quokkas
  6 ball pythons
  5 frilled lizards
  10 kobolds
  9 rats
143 creatures vanquished.

Vanquished Creatures (others)
  8 plants
8 creatures vanquished.

Grand Total: 151 creatures vanquished

Notes
Turn   | Place    | Note
-------+----------+-------------------------------------------
     0 | D:1      | DildoBatman the Formicid Conjurer began the quest for the
                  | Orb.
     0 | D:1      | Reached XP level 1. HP: 13/13 MP: 3/3
   132 | D:1      | Reached XP level 2. HP: 18/20 MP: 1/5
   135 | D:1      | Learned a level 2 spell: Searing Ray
   296 | D:1      | Reached skill level 1 in Armour
   396 | D:1      | Found a faded altar of an unknown god.
   413 | D:1      | Reached skill level 1 in Fighting
   413 | D:1      | Reached XP level 3. HP: 20/26 MP: 6/6
  1021 | D:2      | Found Wooklufahy's Antique Armour Emporium.
  1051 | D:2      | Reached XP level 4. HP: 32/32 MP: 8/8
  1063 | D:2      | Reached skill level 3 in Spellcasting
  1237 | D:2      | Learned a level 3 spell: Frozen Ramparts
  1397 | D:2      | Noticed Sigmund
  1800 | D:3      | Reached XP level 5. HP: 38/38 MP: 9/9
  1809 | D:3      | Learned a level 3 spell: Stone Arrow
  1861 | D:3      | Noticed a black bear
  2490 | D:4      | Got the Omnibus of the Legion and Fire
  2528 | D:5      | Entered Level 5 of the Dungeon
  2611 | D:5      | Reached skill level 1 in Earth Magic
  2853 | D:6      | Noticed an orc warrior
  3160 | D:6      | Noticed a phantom
  3281 | D:6      | Noticed a troll
  3396 | D:6      | Reached skill level 1 in Ice Magic
  3396 | D:6      | Reached XP level 6. HP: 45/45 MP: 10/10
  3626 | D:6      | Found a staircase to the Ecumenical Temple.
  3635 | Temple   | Entered the Ecumenical Temple
  3795 | Temple   | Became a worshipper of Kikubaaqudgha
  4241 | D:6      | Reached XP level 7. HP: 52/52 MP: 12/12
  4270 | D:5      | Reached skill level 4 in Spellcasting
  4339 | D:5      | Noticed Edmund
  4416 | D:3      | Reached skill level 5 in Conjurations
  4449 | D:3      | Noticed Jessica
  4451 | D:3      | Killed Jessica
  4536 | D:2      | Killed Sigmund
  4537 | D:2      | Reached skill level 5 in Spellcasting
  4537 | D:2      | Reached XP level 8. HP: 48/58 MP: 15/15
  4806 | D:4      | Found a shimmering altar of Xom.
  4818 | D:4      | Learned a level 2 spell: Sublimation of Blood
  5147 | D:4      | Learned a level 3 spell: Conjure Flame
  5251 | D:5      | Reached * piety under Kikubaaqudgha
  5251 | D:5      | Received a gift from Kikubaaqudgha
  5253 | D:5      | Reached skill level 6 in Spellcasting
  5257 | D:5      | Learned a level 3 spell: Vampiric Draining
  5586 | D:5      | Killed Edmund
  5587 | D:5      | Reached skill level 7 in Spellcasting
  6050 | D:7      | Reached XP level 9. HP: 59/64 MP: 19/19
  6084 | D:7      | Reached skill level 1 in Ranged Weapons
  6382 | D:7      | Noticed Prince Ribbit
  6390 | D:7      | Killed Prince Ribbit
  6828 | D:7      | HP: 3/66 [poisoned by a killer bee]
  6831 | D:7      | HP: 1/66 [poisoned by a killer bee]
  6836 | D:7      | Succumbed to a killer bee's poison

Illustrated notes

Levels and vault maps discovered:
D:1:      saegor_arrival_simple_b, layout_rooms, ebering_ecumenical_altar_rust
D:2:      layout_basic, serial_shops, shop, minmay_misc_feat_four_crosses,
          lexackson_kobold_supper, uniq_sigmund
D:3:      layout_rooms, kennysheep_jessica_study
D:4:      layout_cave_pools, tgw_xom
D:5:      layout_basic, nrook_uturn, uniq_edmund
D:6:      layout_loops_corners, temple_statues, serial_bayou_pond_a,
          minmay_misc_feat_room, hellmonk_guarded_unrand_lears
D:7:      layout_basic, uniq_prince_ribbit1
Temple:   nicolae_temple_bog_church

Skill      XL: |  1  2  3  4  5  6  7  8  9 |
---------------+----------------------------+-----
Dodging        | 2 3 |  3.0
Armour         | 1 2 3 4 |  4.8
Fighting       | 1 2 3 4 |  4.7
Spellcasting   | 3 5 7 |  7.0
Conjurations   | 4 5 6 |  6.0
Earth Magic    | 1 2 4 |  4.1
Ice Magic      | 1 |  1.1
Ranged Weapons | 2 |  2.0
Stealth        | |  2.4

Action                   |  1- 3 |  4- 6 |  7- 9 || total
-------------------------+-------+-------+-------++-------
Melee: Dagger            |    41 |    13 |     1 ||    55
       Punch             |     1 |       |       ||     1
       Flail             |       |       |     1 ||     1
 Fire: Shortbow          |       |       |    17 ||    17
 Cast: Magic Dart        |    23 |    52 |    35 ||   110
       Searing Ray       |     4 |    25 |    42 ||    71
       Stone Arrow       |       |       |     4 ||     4
  Use: Scroll            |       |     4 |     3 ||     7
       Potion            |       |       |     1 ||     1
 Stab: Sleeping          |     4 |       |       ||     4
Armor: Robe              |    20 |     4 |     3 ||    27
Dodge: Dodged            |    59 |    25 |    28 ||   112
